Maple Leafs vs Rangers
Created - March 23, 2022 at 19:02
Goals
|
Maple Leafs |
2 |
3 |
1 |
6 |
Rangers |
2 |
2 |
1 |
5 |
|
Shots
|
Maple Leafs |
11 |
8 |
8 |
27 |
Rangers |
15 |
17 |
8 |
40 |
|
1st period
1. Maple Leafs , Brayden Schenn 11 (John Klingberg 11, Jon Merrill 12) at 1:20
2. Maple Leafs , Brandon Saad 6 (Bo Horvat 15, Claude Giroux 28) at 10:55 (SH)
3. Rangers , Luke Schenn 7 (Sean Couturier 43, Ryan Strome 14) at 11:07 (PP)
4. Rangers , Tomas Hertl 8 (Chris Bourque 25, Patrice Bergeron 22) at 18:24 (PP)
Penalties :
Andre Burakovsky (TOR) for Holding Stick (Minor) at 10:15, Andre Burakovsky (TOR) for Roughing (Minor) at 18:12
2nd period
5. Maple Leafs , Beau Bennett 11 (Bo Horvat 16, Brandon Saad 6) at 6:23
6. Maple Leafs , Claude Giroux 30 (John Klingberg 12, Jon Merrill 13) at 16:44 (PP)
7. Rangers , Milan Lucic 38 (Ryan Strome 15) at 17:01
8. Rangers , Chris Bourque 10 (Patrice Bergeron 23, Tomas Hertl 8) at 18:38 (PP)
9. Maple Leafs , Logan Couture 6 (Jake Guentzel 15, John Klingberg 13) at 18:55
Penalties :
Logan Couture (TOR) for Boarding (Minor) at 10:03, Milan Lucic (NyR) for Hooking (Minor) at 16:00, Patrick Kane (TOR) for Hooking (Minor) at 17:23
3rd period
10. Rangers , Sean Couturier 19 (Milan Lucic 32, Luke Schenn 24) at 2:23 (PP)
11. Maple Leafs , Logan Couture 7 (Jake Guentzel 16, John Klingberg 14) at 2:41
Penalties :
Beau Bennett (TOR) for Tripping (Minor) at 1:10, Devante Smith-Pelly (NyR) for Delaying the game (Minor) at 3:05
Goalie Stats
Martin Jones (TOR), 35 saves from 40 shots - (0.875), W, 7-6-0, 60:00 minutes
Frederik Andersen (NyR), 7 saves from 9 shots - (0.778), L, 17-14-1, 22:56 minutes
Harru Sateri (NyR), 14 saves from 18 shots - (0.778), 36:44 minutes
Players Stats for Maple Leafs
Player Name G A P +/- PIM S H SB GA TA FO MP PP MP PK MP
------------------------------------------------------------------------------------
Andre Burakovsky 0 0 0 2 4 1 4 0 0 0 0/0 14:22 1:04 0:00
Beau Bennett 1 0 1 1 2 2 2 0 0 1 0/0 10:31 0:00 0:00
Bo Horvat 0 2 2 2 0 3 1 1 0 0 1/4 12:29 1:04 0:51
Brandon Saad 1 1 2 2 0 1 0 1 0 0 0/0 11:14 0:00 0:42
Brayden Schenn 1 0 1 0 0 2 1 0 0 0 12/28 24:37 1:39 3:23
Braydon Coburn 0 0 0 1 0 2 1 1 0 0 0/0 15:58 0:00 3:09
Claude Giroux 1 1 2 0 0 4 0 0 1 1 1/1 24:46 1:39 3:32
Hampus Lindholm 0 0 0 1 0 0 1 1 0 1 0/0 25:57 1:44 2:22
Jake Guentzel 0 2 2 2 0 1 3 0 1 0 0/1 16:02 1:04 1:38
John Klingberg 0 4 4 4 0 0 0 0 0 1 0/0 22:54 0:59 2:22
Jon Merrill 0 2 2 2 0 2 0 1 0 1 0/0 22:09 0:59 3:09
Logan Couture 2 0 2 2 2 3 0 0 0 1 4/16 14:33 0:00 0:56
Patrice Cormier 0 0 0 0 0 0 0 0 0 0 3/4 8:19 0:00 0:00
Patrick Kane 0 0 0 0 2 4 5 0 0 0 0/2 20:53 1:39 0:00
Pontus Aberg 0 0 0 0 0 0 0 1 0 0 0/1 8:19 0:00 0:00
Ryan Parent 0 0 0 1 0 0 1 1 0 0 0/0 11:54 0:00 0:00
Tim Schaller 0 0 0 0 0 0 1 0 0 0 0/0 8:19 0:00 0:00
Zach Werenski 0 0 0 -1 0 2 0 2 0 1 0/0 21:08 1:44 0:00
Players Stats for Rangers
Player Name G A P +/- PIM S H SB GA TA FO MP PP MP PK MP
------------------------------------------------------------------------------------
Artem Anisimov 0 0 0 0 0 5 1 0 0 0 2/7 8:48 0:00 1:10
Brett Ponich 0 0 0 -1 0 0 0 1 0 0 0/0 13:10 0:00 0:00
Chris Bourque 1 1 2 -3 0 2 0 0 1 0 4/4 15:14 1:55 0:12
Devante Smith-Pelly 0 0 0 -3 2 4 1 0 0 1 0/0 16:22 2:02 0:00
Dmitry Kulikov 0 0 0 -1 0 0 4 2 0 0 0/0 24:40 2:02 1:48
Jonas Brodin 0 0 0 -1 0 2 1 2 0 0 0/0 15:19 0:00 0:00
Luke Schenn 1 1 2 0 0 3 2 2 2 0 0/0 28:16 3:29 1:48
Magnus Paajarvi 0 0 0 0 0 0 0 1 0 0 1/1 7:45 0:05 0:00
Matt Delahey 0 0 0 -2 0 2 0 0 0 0 0/0 16:32 0:00 0:55
Milan Lucic 1 1 2 0 2 5 2 0 0 0 1/3 22:32 3:31 1:08
Patrice Bergeron 0 2 2 -3 0 3 0 1 1 0 9/16 16:39 1:55 0:31
Patrik Nemeth 0 0 0 -2 0 1 0 2 0 1 0/0 16:32 0:00 0:55
Richard Panik 0 0 0 0 0 0 0 0 0 0 0/0 10:53 3:29 0:00
Ryan Strome 0 2 2 0 0 5 1 0 1 0 0/0 21:25 3:31 0:00
Sean Couturier 1 1 2 0 0 5 2 1 1 0 15/21 23:19 3:31 1:54
Steve Quailer 0 0 0 -1 0 0 1 1 0 0 0/0 12:12 0:05 0:00
T.J Galiardi 0 0 0 -1 0 0 1 2 0 0 2/2 12:27 0:05 0:00
Tomas Hertl 1 1 2 -2 0 3 3 2 1 0 2/3 15:10 1:55 0:31
3 Stars
1 - John Klingberg (TOR)
2 - Logan Couture (TOR)
3 - Brandon Saad (TOR)
Power Play
Maple Leafs - 1 on 2 Attempt(s) - 50.00%
Rangers - 4 on 5 Attempt(s) - 80.00%
Penalty Kill
Maple Leafs - 1 on 5 Attempt(s) - 20.00%
- Score 1 goal in Penalty Kill
Rangers - 1 on 2 Attempt(s) - 50.00%
- Score 0 goal in Penalty Kill
Team Stat
Maple Leafs - Hits : 20 - Faceoff Wins : 21 - Blocked Shots : 9 - Penalty Minutes : 10
Rangers - Hits : 19 - Faceoff Wins : 36 - Blocked Shots : 17 - Penalty Minutes : 4
Official
Referees : Kyle Rehman and Tom Chmielewski
Linesman : Vaughan Rody and Mark Shewchyk
Game Notes
Frederik Andersen enters game at 16:44 of 2nd period
6:18 of 3rd period - Rangers goal is going for a video replay. After video review, No Goal. The puck has entered the net after making contact with an attacking player’s stick that is above the height of the crossbar.
Finance
Level 1 -- Attendance: 5882 (98.03%) -- Ticket Income $588,200
Level 2 -- Attendance: 4745 (94.90%) -- Ticket Income $284,700
Level 3 -- Attendance: 2000 (100.00%) -- Ticket Income $70,000
Level 4 -- Attendance: 3868 (96.70%) -- Ticket Income $96,700
Luxury Box -- Attendance: 1000 (100.00%) -- Ticket Income $200,000
Game was played at the Madison Square Garden.
Total Attendance: 17495 (97.19%)
Total Ticket Income: $1,239,600
Other Income: $185,940
Total Income: $1,425,540
Maple Leafs
5 vs 5 Forward
Center Left Wing Right Wing Time % Phy DF OF
1 Brayden Schenn Claude Giroux Patrick Kane 40 1 2 2
2 Logan Couture Jake Guentzel Andre Burakovsky 30 1 2 2
3 Bo Horvat Brandon Saad Beau Bennett 20 1 2 2
4 Patrice Cormier Tim Schaller Pontus Aberg 10 1 2 2
5 vs 5 Defense
Defense Defense Time % Phy DF OF
1 Hampus Lindholm Zach Werenski 40 1 2 2
2 Jon Merrill John Klingberg 30 1 2 2
3 Ryan Parent Braydon Coburn 20 1 2 2
4 Hampus Lindholm John Klingberg 10 1 2 2
PowerPlay Forward
Center Left Wing Right Wing Time % Phy DF OF
1 Brayden Schenn Claude Giroux Patrick Kane 60 1 2 2
2 Bo Horvat Jake Guentzel Andre Burakovsky 40 1 2 2
PowerPlay Defense
Defense Defense Time % Phy DF OF
1 Hampus Lindholm Zach Werenski 60 1 2 2
2 Jon Merrill John Klingberg 40 1 2 2
Penalty Kill 4 Players Forward
Center Wing Time % Phy DF OF
1 Brayden Schenn Claude Giroux 60 1 2 2
2 Logan Couture Jake Guentzel 40 1 2 2
Penalty Kill 4 Players Defense
Defense Defense Time % Phy DF OF
1 Jon Merrill Braydon Coburn 60 1 2 2
2 Hampus Lindholm John Klingberg 40 1 2 2
Penalty Kill - 3 Players Forward
Forward Time % Phy DF OF
1 Patrice Cormier 60 1 2 2
2 Logan Couture 40 1 2 2
Penalty Kill - 3 Players Defense
Defense Defense Time % Phy DF OF
1 Braydon Coburn Jon Merrill 60 1 2 2
2 Hampus Lindholm John Klingberg 40 1 2 2
4 vs 4 Forward
Center Wing Time % Phy DF OF
1 Brayden Schenn Claude Giroux 60 1 2 2
2 Logan Couture Jake Guentzel 40 1 2 2
4 vs 4 Defense
Defense Defense Time % Phy DF OF
1 Hampus Lindholm John Klingberg 60 1 2 2
2 Jon Merrill Braydon Coburn 40 1 2 2
Last Minutes Offensive
Center Left Wing Right Wing Defense Defense
Brayden Schenn Claude Giroux Patrick Kane Hampus Lindholm John Klingberg
Last Minutes Defensive
Center Left Wing Right Wing Defense Defense
Brayden Schenn Claude Giroux Patrick Kane Braydon Coburn Jon Merrill
Goaltenders
Starting : Martin Jones
Backup : John Gibson
Extra Forwards
Normal : Jake Guentzel, Patrick Kane, Bo Horvat - PP : Jake Guentzel, Logan Couture - PK : Jake Guentzel
Extra Defensemen
Normal : Braydon Coburn, Ryan Parent, Zach Werenski - PP : Braydon Coburn - PK : Braydon Coburn, Ryan Parent
Penalty Shots
Claude Giroux, Patrick Kane, Andre Burakovsky, Logan Couture, Brayden Schenn
Scratches
None
Rangers
5 vs 5 Forward
Center Left Wing Right Wing Time % Phy DF OF
1 Sean Couturier Milan Lucic Ryan Strome 40 1 2 2
2 Patrice Bergeron Chris Bourque Devante Smith-Pelly 30 1 2 2
3 Tomas Hertl T.J Galiardi Steve Quailer 20 1 2 2
4 Artem Anisimov Magnus Paajarvi Richard Panik 10 1 2 2
5 vs 5 Defense
Defense Defense Time % Phy DF OF
1 Luke Schenn Dmitry Kulikov 40 1 2 2
2 Patrik Nemeth Matt Delahey 30 1 2 2
3 Brett Ponich Jonas Brodin 20 1 2 2
4 Luke Schenn Jonas Brodin 10 1 2 2
PowerPlay Forward
Center Left Wing Right Wing Time % Phy DF OF
1 Sean Couturier Milan Lucic Ryan Strome 60 1 2 2
2 Patrice Bergeron Chris Bourque Tomas Hertl 40 1 2 2
PowerPlay Defense
Defense Defense Time % Phy DF OF
1 Luke Schenn Richard Panik 60 1 2 2
2 Dmitry Kulikov Devante Smith-Pelly 40 1 2 2
Penalty Kill 4 Players Forward
Center Wing Time % Phy DF OF
1 Milan Lucic Sean Couturier 60 1 2 2
2 Patrice Bergeron Tomas Hertl 40 1 2 2
Penalty Kill 4 Players Defense
Defense Defense Time % Phy DF OF
1 Luke Schenn Dmitry Kulikov 60 1 2 2
2 Patrik Nemeth Matt Delahey 40 1 2 2
Penalty Kill - 3 Players Forward
Forward Time % Phy DF OF
1 Milan Lucic 60 1 2 2
2 Sean Couturier 40 1 2 2
Penalty Kill - 3 Players Defense
Defense Defense Time % Phy DF OF
1 Luke Schenn Dmitry Kulikov 60 1 2 2
2 Patrik Nemeth Matt Delahey 40 1 2 2
4 vs 4 Forward
Center Wing Time % Phy DF OF
1 Milan Lucic Sean Couturier 60 1 2 2
2 Patrice Bergeron Tomas Hertl 40 1 2 2
4 vs 4 Defense
Defense Defense Time % Phy DF OF
1 Luke Schenn Dmitry Kulikov 60 1 2 2
2 Patrik Nemeth Matt Delahey 40 1 2 2
Last Minutes Offensive
Center Left Wing Right Wing Defense Defense
Sean Couturier Milan Lucic Ryan Strome Luke Schenn Dmitry Kulikov
Last Minutes Defensive
Center Left Wing Right Wing Defense Defense
Sean Couturier Milan Lucic Ryan Strome Luke Schenn Dmitry Kulikov
Goaltenders
Starting : Harru Sateri
Backup : Frederik Andersen
Extra Forwards
Normal : Richard Panik, T.J Galiardi, Artem Anisimov - PP : Richard Panik, T.J Galiardi - PK : Artem Anisimov
Extra Defensemen
Normal : Brett Ponich, Dmitry Kulikov, Jonas Brodin - PP : Brett Ponich - PK : Dmitry Kulikov, Jonas Brodin
Penalty Shots
Milan Lucic, Sean Couturier, Patrice Bergeron, Tomas Hertl, Ryan Strome
Scratches
Morgan Ellis (Healthy)
% Time on Ice - Maple Leafs
Lines # - Real PCT - Wanted PCT - Time Play
Normal Forward
1 - 36% - 40% - 18:20
2 - 26% - 30% - 13:20
3 - 21% - 20% - 10:32
4 - 16% - 10% - 8:19
Normal Defense
1 - 39% - 40% - 19:44
2 - 31% - 30% - 15:51
3 - 24% - 20% - 11:54
4 - 6% - 10% - 3:02
PP Forward
1 - 61% - 60% - 1:39
2 - 39% - 40% - 1:04
PP Defense
1 - 64% - 60% - 1:44
2 - 36% - 40% - 0:59
PK Forward
1 - 77% - 60% - 4:14
2 - 23% - 40% - 1:17
PK Defense
1 - 57% - 60% - 3:09
2 - 43% - 40% - 2:22
PK3 Forward
1 - 0% - 60%
2 - 0% - 40%
PK3 Defense
1 - 0% - 60%
2 - 0% - 40%
44 Forward
1 - 0% - 60%
2 - 0% - 40%
44 Defense
1 - 0% - 60%
2 - 0% - 40%
Last Minute Offensive - 0:00
Last Minute Defensive - 1:15
Total
Forward - 60:00
Defense - 60:00
|
% Time on Ice - Rangers
Lines # - Real PCT - Wanted PCT - Time Play
Normal Forward
1 - 35% - 40% - 18:10
2 - 28% - 30% - 14:21
3 - 23% - 20% - 11:51
4 - 14% - 10% - 7:24
Normal Defense
1 - 40% - 40% - 20:50
2 - 30% - 30% - 15:37
3 - 25% - 20% - 13:10
4 - 4% - 10% - 2:09
PP Forward
1 - 65% - 60% - 3:36
2 - 35% - 40% - 1:55
PP Defense
1 - 63% - 60% - 3:29
2 - 37% - 40% - 2:02
PK Forward
1 - 81% - 60% - 2:12
2 - 19% - 40% - 0:31
PK Defense
1 - 66% - 60% - 1:48
2 - 34% - 40% - 0:55
PK3 Forward
1 - 0% - 60%
2 - 0% - 40%
PK3 Defense
1 - 0% - 60%
2 - 0% - 40%
44 Forward
1 - 0% - 60%
2 - 0% - 40%
44 Defense
1 - 0% - 60%
2 - 0% - 40%
Last Minute Offensive - 0:00
Last Minute Defensive - 0:00
Total
Forward - 60:00
Defense - 60:00
|
Play-by-Play
1st period
0:01 of 1st period - Sean Couturier wins face-off versus Brayden Schenn in neutral zone.
0:23 of 1st period - Icing by Dmitry Kulikov.
0:24 of 1st period - Chris Bourque wins face-off versus Logan Couture in Rangers zone.
0:31 of 1st period - Devante Smith-Pelly is hit by Andre Burakovsky and loses puck.
0:50 of 1st period - Brandon Saad is hit by Tomas Hertl.
1:18 of 1st period - Slapshot by John Klingberg.
1:18 of 1st period - Shot Blocked by Sean Couturier.
1:20 of 1st period - Snap shot by Brayden Schenn.
1:20 of 1st period - Goal by Brayden Schenn - Maple Leafs : 1 - Rangers : 0.
1:21 of 1st period - Magnus Paajarvi wins face-off versus Patrice Cormier in neutral zone.
1:28 of 1st period - Snap shot by Artem Anisimov.
1:28 of 1st period - Stopped by Martin Jones without a rebound.
1:29 of 1st period - Patrice Cormier wins face-off versus Artem Anisimov in Maple Leafs zone.
1:58 of 1st period - Wrist shot by Sean Couturier.
1:58 of 1st period - Shot Blocked by Ryan Parent.
2:53 of 1st period - Off-side.
2:54 of 1st period - Patrice Cormier wins face-off versus Artem Anisimov in neutral zone.
3:19 of 1st period - Patrick Kane is hit by Milan Lucic and loses puck.
4:06 of 1st period - Wrist shot by Brandon Saad.
4:06 of 1st period - Shot Blocked by Luke Schenn.
4:08 of 1st period - Snap shot by Beau Bennett.
4:08 of 1st period - Shot Misses the Net.
4:10 of 1st period - Wrist shot by Bo Horvat.
4:10 of 1st period - Shot Blocked by Dmitry Kulikov.
4:28 of 1st period - Slapshot by Ryan Strome.
4:28 of 1st period - Shot Misses the Net.
4:45 of 1st period - Wrist shot by Claude Giroux.
4:45 of 1st period - Shot Misses the Net.
4:47 of 1st period - Slapshot by Brayden Schenn.
4:47 of 1st period - Shot Misses the Net.
5:07 of 1st period - Wrist shot by Jake Guentzel.
5:07 of 1st period - Shot Misses the Net.
5:49 of 1st period - Wrist shot by Sean Couturier.
5:49 of 1st period - Stopped by Martin Jones with a rebound.
5:51 of 1st period - Wrist shot by Ryan Strome.
5:51 of 1st period - Stopped by Martin Jones without a rebound.
5:52 of 1st period - Sean Couturier wins face-off versus Brayden Schenn in Maple Leafs zone.
6:09 of 1st period - Sean Couturier is hit by Brayden Schenn and loses puck.
6:25 of 1st period - Snap shot by Jake Guentzel.
6:25 of 1st period - Shot Blocked by Jonas Brodin.
6:27 of 1st period - Slapshot by Ryan Parent.
6:27 of 1st period - Shot Blocked by T.J Galiardi.
6:43 of 1st period - Brandon Saad is hit by Artem Anisimov and loses puck.
6:52 of 1st period - Artem Anisimov is hit by Bo Horvat and loses puck.
7:25 of 1st period - Ryan Parent is hit by Sean Couturier and loses puck.
7:40 of 1st period - Braydon Coburn is hit by Milan Lucic and loses puck.
7:56 of 1st period - Icing by Patrik Nemeth.
7:57 of 1st period - T.J Galiardi wins face-off versus Logan Couture in Rangers zone.
8:10 of 1st period - Wrist shot by Jake Guentzel.
8:10 of 1st period - Stopped by Harru Sateri with a rebound.
8:12 of 1st period - Slapshot by Zach Werenski.
8:12 of 1st period - Stopped by Harru Sateri with a rebound.
8:14 of 1st period - Snap shot by Logan Couture.
8:14 of 1st period - Stopped by Harru Sateri without a rebound.
8:15 of 1st period - Sean Couturier wins face-off versus Patrick Kane in Rangers zone.
8:22 of 1st period - Wrist shot by Ryan Strome.
8:22 of 1st period - Stopped by Martin Jones with a rebound.
8:24 of 1st period - Slapshot by Jonas Brodin.
8:24 of 1st period - Stopped by Martin Jones without a rebound.
8:25 of 1st period - Sean Couturier wins face-off versus Brayden Schenn in Maple Leafs zone.
9:05 of 1st period - Zach Werenski is hit by Ryan Strome and loses puck.
9:10 of 1st period - Snap shot by Sean Couturier.
9:10 of 1st period - Shot Misses the Net.
9:12 of 1st period - Slapshot by Luke Schenn.
9:12 of 1st period - Stopped by Martin Jones with a rebound.
9:44 of 1st period - Snap shot by Brayden Schenn.
9:44 of 1st period - Shot Misses the Net.
9:53 of 1st period - Off-side.
9:54 of 1st period - Chris Bourque wins face-off versus Logan Couture in neutral zone.
10:15 of 1st period - Minor Penalty to Andre Burakovsky for Holding Stick.
10:16 of 1st period - Patrice Bergeron wins face-off versus Logan Couture in Maple Leafs zone.
10:19 of 1st period - Wrist shot by Patrice Bergeron.
10:19 of 1st period - Stopped by Martin Jones with a rebound.
10:53 of 1st period - Snap shot by Bo Horvat.
10:53 of 1st period - Stopped by Harru Sateri with a rebound.
10:55 of 1st period - Snap shot by Brandon Saad.
10:55 of 1st period - Goal by Brandon Saad - Maple Leafs : 2 - Rangers : 0.
10:56 of 1st period - Sean Couturier wins face-off versus Brayden Schenn in neutral zone.
11:03 of 1st period - Snap shot by Sean Couturier.
11:03 of 1st period - Shot Misses the Net.
11:05 of 1st period - Snap shot by Sean Couturier.
11:05 of 1st period - Shot Misses the Net.
11:07 of 1st period - Slapshot by Luke Schenn.
11:07 of 1st period - Goal by Luke Schenn - Maple Leafs : 2 - Rangers : 1.
11:08 of 1st period - Patrice Bergeron wins face-off versus Logan Couture in neutral zone.
11:35 of 1st period - Patrick Kane is hit by Steve Quailer and loses puck.
11:42 of 1st period - Snap shot by Claude Giroux.
11:42 of 1st period - Shot Misses the Net.
11:56 of 1st period - Slapshot by Tim Schaller.
11:56 of 1st period - Deflect By Luke Schenn.
11:56 of 1st period - Shot Misses the Net.
11:56 of 1st period - Puck is out of play.
11:57 of 1st period - Patrice Cormier wins face-off versus Sean Couturier in Rangers zone.
12:32 of 1st period - Snap shot by Patrice Bergeron.
12:32 of 1st period - Stopped by Martin Jones with a rebound.
12:44 of 1st period - Snap shot by Magnus Paajarvi.
12:44 of 1st period - Deflect By Artem Anisimov.
12:44 of 1st period - Stopped by Martin Jones with a rebound.
12:46 of 1st period - Slapshot by Jonas Brodin.
12:46 of 1st period - Stopped by Martin Jones with a rebound.
12:56 of 1st period - Snap shot by Claude Giroux.
12:56 of 1st period - Shot Misses the Net.
13:06 of 1st period - Brandon Saad is hit by Dmitry Kulikov and loses puck.
13:34 of 1st period - Dmitry Kulikov is hit by Braydon Coburn and loses puck.
14:36 of 1st period - Slapshot by Claude Giroux.
14:36 of 1st period - Shot Misses the Net.
15:38 of 1st period - Snap shot by Patrick Kane.
15:38 of 1st period - Stopped by Harru Sateri without a rebound.
15:39 of 1st period - Patrice Bergeron wins face-off versus Logan Couture in Rangers zone.
15:44 of 1st period - Zach Werenski is hit by Devante Smith-Pelly and loses puck.
16:47 of 1st period - Icing by Tim Schaller.
16:48 of 1st period - Logan Couture wins face-off versus Patrice Bergeron in Maple Leafs zone.
17:01 of 1st period - Wrist shot by Jake Guentzel.
17:01 of 1st period - Shot Blocked by Patrik Nemeth.
17:28 of 1st period - Icing by Beau Bennett.
17:29 of 1st period - Artem Anisimov wins face-off versus Pontus Aberg in Maple Leafs zone.
17:36 of 1st period - Snap shot by Pontus Aberg.
17:36 of 1st period - Shot Blocked by Jonas Brodin.
17:38 of 1st period - Wrist shot by Braydon Coburn.
17:38 of 1st period - Stopped by Harru Sateri with a rebound.
18:12 of 1st period - Minor Penalty to Andre Burakovsky for Roughing.
18:13 of 1st period - Chris Bourque wins face-off versus Brayden Schenn in Maple Leafs zone.
18:20 of 1st period - Snap shot by Tomas Hertl.
18:20 of 1st period - Stopped by Martin Jones with a rebound.
18:22 of 1st period - Wrist shot by Chris Bourque.
18:22 of 1st period - Stopped by Martin Jones with a rebound.
18:24 of 1st period - Snap shot by Tomas Hertl.
18:24 of 1st period - Goal by Tomas Hertl - Maple Leafs : 2 - Rangers : 2.
18:25 of 1st period - Patrice Bergeron wins face-off versus Logan Couture in neutral zone.
18:30 of 1st period - Snap shot by Patrice Bergeron.
18:30 of 1st period - Stopped by Martin Jones without a rebound.
18:31 of 1st period - Patrice Bergeron wins face-off versus Logan Couture in Maple Leafs zone.
18:57 of 1st period - Slapshot by Hampus Lindholm.
18:57 of 1st period - Shot Blocked by Dmitry Kulikov.
18:59 of 1st period - Wrist shot by Brayden Schenn.
18:59 of 1st period - Shot Misses the Net.
19:01 of 1st period - Wrist shot by Claude Giroux.
19:01 of 1st period - Stopped by Harru Sateri with a rebound.
19:03 of 1st period - Slapshot by Zach Werenski.
19:03 of 1st period - Shot Misses the Net.
19:07 of 1st period - Wrist shot by Claude Giroux.
19:07 of 1st period - Deflect By Patrick Kane.
19:07 of 1st period - Shot Misses the Net.
19:07 of 1st period - Puck is out of play.
19:08 of 1st period - Patrice Bergeron wins face-off versus Bo Horvat in Rangers zone.
19:39 of 1st period - Snap shot by Patrick Kane.
19:39 of 1st period - Stopped by Harru Sateri with a rebound.
19:41 of 1st period - Slapshot by Braydon Coburn.
19:41 of 1st period - Stopped by Harru Sateri with a rebound.
19:55 of 1st period - T.J Galiardi is hit by Tim Schaller and loses puck.
Goals for this period are 2 for Maple Leafs vs 2 for Rangers.
Shots for this period are 11 for Maple Leafs vs 15 for Rangers.
2nd period
0:01 of 2nd period - Patrice Bergeron wins face-off versus Logan Couture in neutral zone.
1:13 of 2nd period - Patrick Kane is hit by Tomas Hertl and loses puck.
1:20 of 2nd period - Wrist shot by Steve Quailer.
1:20 of 2nd period - Shot Blocked by Hampus Lindholm.
1:34 of 2nd period - Slapshot by Patrick Kane.
1:34 of 2nd period - Shot Misses the Net.
1:40 of 2nd period - Dmitry Kulikov is hit by Patrick Kane and loses puck.
2:01 of 2nd period - Snap shot by Sean Couturier.
2:01 of 2nd period - Stopped by Martin Jones without a rebound.
2:02 of 2nd period - Tomas Hertl wins face-off versus Bo Horvat in Maple Leafs zone.
2:09 of 2nd period - Wrist shot by Tomas Hertl.
2:09 of 2nd period - Shot Blocked by Bo Horvat.
2:11 of 2nd period - Wrist shot by Tomas Hertl.
2:11 of 2nd period - Shot Misses the Net.
2:13 of 2nd period - Slapshot by Matt Delahey.
2:13 of 2nd period - Stopped by Martin Jones with a rebound.
2:15 of 2nd period - Snap shot by Matt Delahey.
2:15 of 2nd period - Stopped by Martin Jones without a rebound.
2:16 of 2nd period - Logan Couture wins face-off versus Patrice Bergeron in Maple Leafs zone.
2:31 of 2nd period - Wrist shot by Andre Burakovsky.
2:31 of 2nd period - Stopped by Harru Sateri with a rebound.
2:33 of 2nd period - Wrist shot by Logan Couture.
2:33 of 2nd period - Shot Blocked by Patrice Bergeron.
3:10 of 2nd period - Wrist shot by Artem Anisimov.
3:10 of 2nd period - Stopped by Martin Jones with a rebound.
3:30 of 2nd period - Slapshot by John Klingberg.
3:30 of 2nd period - Shot Blocked by Tomas Hertl.
4:12 of 2nd period - Icing by Andre Burakovsky.
4:13 of 2nd period - Logan Couture wins face-off versus Sean Couturier in Maple Leafs zone.
5:04 of 2nd period - Beau Bennett is hit by Luke Schenn and loses puck.
5:49 of 2nd period - Sean Couturier is hit by Ryan Parent and loses puck.
6:00 of 2nd period - Hampus Lindholm is hit by Jonas Brodin.
6:04 of 2nd period - Brett Ponich is hit by Jake Guentzel and loses puck.
6:23 of 2nd period - Snap shot by Beau Bennett.
6:23 of 2nd period - Goal by Beau Bennett - Maple Leafs : 3 - Rangers : 2.
6:24 of 2nd period - Sean Couturier wins face-off versus Brayden Schenn in neutral zone.
6:51 of 2nd period - Chris Bourque is hit by Jake Guentzel.
7:26 of 2nd period - Tomas Hertl is hit by Beau Bennett and loses puck.
7:41 of 2nd period - Snap shot by Magnus Paajarvi.
7:41 of 2nd period - Shot Blocked by Jon Merrill.
9:08 of 2nd period - Ryan Parent is hit by T.J Galiardi.
9:27 of 2nd period - Snap shot by Chris Bourque.
9:27 of 2nd period - Shot Misses the Net.
9:29 of 2nd period - Wrist shot by Brett Ponich.
9:29 of 2nd period - Shot Misses the Net.
9:31 of 2nd period - Wrist shot by Patrice Bergeron.
9:31 of 2nd period - Shot Blocked by Braydon Coburn.
9:37 of 2nd period - Slapshot by Chris Bourque.
9:37 of 2nd period - Shot Misses the Net.
9:55 of 2nd period - Slapshot by Ryan Strome.
9:55 of 2nd period - Stopped by Martin Jones with a rebound.
9:57 of 2nd period - Wrist shot by Milan Lucic.
9:57 of 2nd period - Stopped by Martin Jones with a rebound.
10:03 of 2nd period - Minor Penalty to Logan Couture for Boarding.
10:04 of 2nd period - Sean Couturier wins face-off versus Brayden Schenn in Maple Leafs zone.
12:03 of 2nd period - Penalty to Logan Couture is over, Logan Couture is back on ice.
12:22 of 2nd period - Icing by Jon Merrill.
12:23 of 2nd period - Brayden Schenn wins face-off versus Artem Anisimov in Maple Leafs zone.
12:32 of 2nd period - Snap shot by Bo Horvat.
12:32 of 2nd period - Shot Misses the Net.
12:52 of 2nd period - Wrist shot by Andre Burakovsky.
12:52 of 2nd period - Shot Misses the Net.
13:24 of 2nd period - Slapshot by Patrik Nemeth.
13:24 of 2nd period - Stopped by Martin Jones with a rebound.
13:32 of 2nd period - Snap shot by Bo Horvat.
13:32 of 2nd period - Stopped by Harru Sateri without a rebound.
13:33 of 2nd period - Sean Couturier wins face-off versus Logan Couture in Rangers zone.
13:44 of 2nd period - Off-side.
13:45 of 2nd period - Brayden Schenn wins face-off versus Sean Couturier in neutral zone.
14:21 of 2nd period - Snap shot by Devante Smith-Pelly.
14:21 of 2nd period - Stopped by Martin Jones without a rebound.
14:22 of 2nd period - Claude Giroux wins face-off versus Sean Couturier in Maple Leafs zone.
14:33 of 2nd period - Slapshot by Jon Merrill.
14:33 of 2nd period - Stopped by Harru Sateri with a rebound.
14:47 of 2nd period - Luke Schenn is hit by Andre Burakovsky and loses puck.
15:36 of 2nd period - Wrist shot by Richard Panik.
15:36 of 2nd period - Deflect By Artem Anisimov.
15:36 of 2nd period - Stopped by Martin Jones without a rebound.
15:37 of 2nd period - Sean Couturier wins face-off versus Brayden Schenn in Maple Leafs zone.
16:00 of 2nd period - Minor Penalty to Milan Lucic for Hooking.
16:01 of 2nd period - Artem Anisimov wins face-off versus Brayden Schenn in Rangers zone.
16:34 of 2nd period - Backhand shot by Zach Werenski.
16:34 of 2nd period - Shot Misses the Net.
16:36 of 2nd period - Wrist shot by Bo Horvat.
16:36 of 2nd period - Stopped by Harru Sateri without a rebound.
16:37 of 2nd period - Brayden Schenn wins face-off versus Artem Anisimov in Rangers zone.
16:38 of 2nd period - Snap shot by Patrick Kane.
16:38 of 2nd period - Shot Misses the Net.
16:40 of 2nd period - Slapshot by Jon Merrill.
16:40 of 2nd period - Shot Misses the Net.
16:42 of 2nd period - Wrist shot by Claude Giroux.
16:42 of 2nd period - Stopped by Harru Sateri with a rebound.
16:44 of 2nd period - Slapshot by John Klingberg.
16:44 of 2nd period - Deflect By Claude Giroux.
16:44 of 2nd period - Goal by Claude Giroux - Maple Leafs : 4 - Rangers : 2.
16:44 of 2nd period - Frederik Andersen enters game.
16:45 of 2nd period - Milan Lucic wins face-off versus Brayden Schenn in neutral zone.
16:48 of 2nd period - Brayden Schenn is hit by Sean Couturier and loses puck.
17:01 of 2nd period - Slapshot by Milan Lucic.
17:01 of 2nd period - Goal by Milan Lucic - Maple Leafs : 4 - Rangers : 3.
17:02 of 2nd period - Sean Couturier wins face-off versus Patrick Kane in neutral zone.
17:23 of 2nd period - Minor Penalty to Patrick Kane for Hooking.
17:24 of 2nd period - Sean Couturier wins face-off versus Brayden Schenn in Maple Leafs zone.
17:26 of 2nd period - Backhand shot by Sean Couturier.
17:26 of 2nd period - Shot Misses the Net.
17:28 of 2nd period - Wrist shot by Ryan Strome.
17:28 of 2nd period - Stopped by Martin Jones without a rebound.
17:29 of 2nd period - Brayden Schenn wins face-off versus Sean Couturier in Maple Leafs zone.
18:24 of 2nd period - Snap shot by Milan Lucic.
18:24 of 2nd period - Stopped by Martin Jones without a rebound.
18:25 of 2nd period - Patrice Bergeron wins face-off versus Logan Couture in Maple Leafs zone.
18:38 of 2nd period - Snap shot by Chris Bourque.
18:38 of 2nd period - Goal by Chris Bourque - Maple Leafs : 4 - Rangers : 4.
18:39 of 2nd period - Logan Couture wins face-off versus Patrice Bergeron in neutral zone.
18:53 of 2nd period - Slapshot by Jake Guentzel.
18:53 of 2nd period - Shot Misses the Net.
18:55 of 2nd period - Snap shot by Logan Couture.
18:55 of 2nd period - Goal by Logan Couture - Maple Leafs : 5 - Rangers : 4.
18:56 of 2nd period - Sean Couturier wins face-off versus Brayden Schenn in neutral zone.
18:59 of 2nd period - Slapshot by Ryan Strome.
18:59 of 2nd period - Stopped by Martin Jones with a rebound.
19:01 of 2nd period - Slapshot by Milan Lucic.
19:01 of 2nd period - Deflect By Sean Couturier.
19:01 of 2nd period - Stopped by Martin Jones with a rebound.
19:03 of 2nd period - Snap shot by Milan Lucic.
19:03 of 2nd period - Stopped by Martin Jones without a rebound.
19:04 of 2nd period - Sean Couturier wins face-off versus Brayden Schenn in Maple Leafs zone.
19:23 of 2nd period - Slapshot by Milan Lucic.
19:23 of 2nd period - Shot Misses the Net.
19:37 of 2nd period - Wrist shot by Milan Lucic.
19:37 of 2nd period - Stopped by Martin Jones with a rebound.
19:41 of 2nd period - Snap shot by Ryan Strome.
19:41 of 2nd period - Shot Misses the Net.
Goals for this period are 3 for Maple Leafs vs 2 for Rangers.
Shots for this period are 8 for Maple Leafs vs 17 for Rangers.
3rd period
0:01 of 3rd period - Brayden Schenn wins face-off versus Patrice Bergeron in neutral zone.
0:42 of 3rd period - Snap shot by Jake Guentzel.
0:42 of 3rd period - Shot Blocked by Steve Quailer.
1:02 of 3rd period - Snap shot by Milan Lucic.
1:02 of 3rd period - Shot Blocked by Zach Werenski.
1:04 of 3rd period - Snap shot by Milan Lucic.
1:04 of 3rd period - Shot Blocked by Brandon Saad.
1:10 of 3rd period - Minor Penalty to Beau Bennett for Tripping.
1:11 of 3rd period - Sean Couturier wins face-off versus Brayden Schenn in Maple Leafs zone.
1:36 of 3rd period - Jon Merrill is hit by Dmitry Kulikov and loses puck.
2:21 of 3rd period - Snap shot by Milan Lucic.
2:21 of 3rd period - Shot Misses the Net.
2:23 of 3rd period - Slapshot by Sean Couturier.
2:23 of 3rd period - Goal by Sean Couturier - Maple Leafs : 5 - Rangers : 5.
2:24 of 3rd period - Patrice Bergeron wins face-off versus Jake Guentzel in neutral zone.
2:41 of 3rd period - Snap shot by Logan Couture.
2:41 of 3rd period - Goal by Logan Couture - Maple Leafs : 6 - Rangers : 5.
2:42 of 3rd period - Brayden Schenn wins face-off versus Patrice Bergeron in neutral zone.
3:05 of 3rd period - Minor Penalty to Devante Smith-Pelly for Delaying the game.
3:06 of 3rd period - Brayden Schenn wins face-off versus Milan Lucic in Rangers zone.
3:17 of 3rd period - Snap shot by Patrick Kane.
3:17 of 3rd period - Stopped by Frederik Andersen without a rebound.
3:18 of 3rd period - Brayden Schenn wins face-off versus Milan Lucic in Rangers zone.
4:11 of 3rd period - Icing by Brayden Schenn.
4:12 of 3rd period - Brayden Schenn wins face-off versus Artem Anisimov in Maple Leafs zone.
5:05 of 3rd period - Penalty to Devante Smith-Pelly is over, Devante Smith-Pelly is back on ice.
5:15 of 3rd period - Devante Smith-Pelly is hit by Hampus Lindholm and loses puck.
5:24 of 3rd period - Snap shot by Devante Smith-Pelly.
5:24 of 3rd period - Shot Misses the Net.
5:26 of 3rd period - Slapshot by Devante Smith-Pelly.
5:26 of 3rd period - Stopped by Martin Jones with a rebound.
5:28 of 3rd period - Snap shot by Devante Smith-Pelly.
5:28 of 3rd period - Shot Blocked by Pontus Aberg.
5:30 of 3rd period - Slapshot by Brett Ponich.
5:30 of 3rd period - Shot Blocked by Zach Werenski.
5:44 of 3rd period - Wrist shot by Tomas Hertl.
5:44 of 3rd period - Stopped by Martin Jones with a rebound.
5:46 of 3rd period - Slapshot by Matt Delahey.
5:46 of 3rd period - Shot Misses the Net.
6:16 of 3rd period - Wrist shot by Patrice Bergeron.
6:16 of 3rd period - Deflect By Devante Smith-Pelly.
6:16 of 3rd period - Stopped by Martin Jones with a rebound.
6:18 of 3rd period - Wrist shot by Devante Smith-Pelly.
6:18 of 3rd period - Rangers goal is going for a video replay.
6:18 of 3rd period - The goal is refused. The puck has entered the net after making contact with an attacking player’s stick that is above the height of the crossbar..
6:19 of 3rd period - Brayden Schenn wins face-off versus Sean Couturier in Maple Leafs zone.
6:34 of 3rd period - Snap shot by Claude Giroux.
6:34 of 3rd period - Shot Blocked by Brett Ponich.
6:46 of 3rd period - Richard Panik is hit by Andre Burakovsky and loses puck.
6:57 of 3rd period - Snap shot by Jake Guentzel.
6:57 of 3rd period - Shot Blocked by Magnus Paajarvi.
7:27 of 3rd period - Artem Anisimov is hit by Patrick Kane and loses puck.
7:40 of 3rd period - Andre Burakovsky is hit by Dmitry Kulikov and loses puck.
7:53 of 3rd period - Patrik Nemeth is hit by Beau Bennett and loses puck.
8:36 of 3rd period - Luke Schenn is hit by Patrick Kane and loses puck.
9:01 of 3rd period - Magnus Paajarvi is hit by Andre Burakovsky.
9:40 of 3rd period - Devante Smith-Pelly is hit by Patrick Kane and loses puck.
10:32 of 3rd period - Jon Merrill is hit by Dmitry Kulikov and loses puck.
11:08 of 3rd period - Richard Panik is hit by Jake Guentzel and loses puck.
12:18 of 3rd period - Wrist shot by Beau Bennett.
12:18 of 3rd period - Stopped by Frederik Andersen without a rebound.
12:19 of 3rd period - Sean Couturier wins face-off versus Brayden Schenn in Rangers zone.
12:30 of 3rd period - Slapshot by Sean Couturier.
12:30 of 3rd period - Stopped by Martin Jones with a rebound.
12:44 of 3rd period - Andre Burakovsky is hit by Tomas Hertl.
13:08 of 3rd period - Snap shot by Steve Quailer.
13:08 of 3rd period - Shot Misses the Net.
13:35 of 3rd period - Artem Anisimov is hit by Patrick Kane and loses puck.
14:39 of 3rd period - Off-side.
14:40 of 3rd period - Brayden Schenn wins face-off versus Patrice Bergeron in neutral zone.
15:56 of 3rd period - Wrist shot by Artem Anisimov.
15:56 of 3rd period - Stopped by Martin Jones without a rebound.
15:57 of 3rd period - Tomas Hertl wins face-off versus Bo Horvat in Maple Leafs zone.
16:14 of 3rd period - Slapshot by Luke Schenn.
16:14 of 3rd period - Stopped by Martin Jones with a rebound.
16:33 of 3rd period - Snap shot by Brayden Schenn.
16:33 of 3rd period - Shot Blocked by Luke Schenn.
16:35 of 3rd period - Slapshot by Brayden Schenn.
16:35 of 3rd period - Stopped by Frederik Andersen without a rebound.
16:36 of 3rd period - T.J Galiardi wins face-off versus Logan Couture in Rangers zone.
17:31 of 3rd period - Snap shot by Claude Giroux.
17:31 of 3rd period - Deflect By Patrick Kane.
17:31 of 3rd period - Stopped by Frederik Andersen without a rebound.
17:32 of 3rd period - Brayden Schenn wins face-off versus Patrice Bergeron in Rangers zone.
17:47 of 3rd period - Snap shot by Claude Giroux.
17:47 of 3rd period - Stopped by Frederik Andersen without a rebound.
17:48 of 3rd period - Bo Horvat wins face-off versus Tomas Hertl in Rangers zone.
18:22 of 3rd period - Wrist shot by Patrick Kane.
18:22 of 3rd period - Shot Blocked by Patrik Nemeth.
18:24 of 3rd period - Slapshot by Zach Werenski.
18:24 of 3rd period - Stopped by Frederik Andersen without a rebound.
18:25 of 3rd period - Chris Bourque wins face-off versus Brayden Schenn in Rangers zone.
19:00 of 3rd period - Snap shot by Patrick Kane.
19:00 of 3rd period - Shot Misses the Net.
19:02 of 3rd period - Slapshot by Jon Merrill.
19:02 of 3rd period - Stopped by Frederik Andersen with a rebound.
19:04 of 3rd period - Snap shot by Claude Giroux.
19:04 of 3rd period - Shot Blocked by Tomas Hertl.
19:06 of 3rd period - Snap shot by Patrick Kane.
19:06 of 3rd period - Shot Blocked by T.J Galiardi.
19:31 of 3rd period - Jon Merrill is hit by Luke Schenn and loses puck.
19:40 of 3rd period - Rangers, Frederik Andersen is pulled from the net.
Goals for this period are 1 for Maple Leafs vs 1 for Rangers.
Shots for this period are 8 for Maple Leafs vs 8 for Rangers.